 Dungeon Crawl Stone Soup version 0.29-a0-732-g3d7fbe0af2 (webtiles) character file.

Game seed: 3548387148763121495

161 gobodom the Stinger (level 5, -1/36 HPs)
             Began as a Demonspawn Venom Mage on June 30, 2022.
             Killed from afar by an orc wizard (6 damage)
             ... with a magic dart
             ... on level 3 of the Dungeon.
             The game lasted 00:09:44 (3011 turns).

gobodom the Stinger (Demonspawn Venom Mage)         Turns: 3011, Time: 00:09:45

Health: -1/36      AC:  3    Str: 10    XL:     5   Next: 18%
Magic:  4/9        EV: 12    Int: 23    God:
Gold:   116        SH:  0    Dex: 13    Spells: 9/10 levels left

rFire   . . .      SeeInvis .   k - +1 short sword (vamp)
rCold   . . .      Faith    .   (no shield)
rNeg    + . .      Spirit   .   a - +0 robe
rPois   .          Reflect  .   j - +0 helmet
rElec   .          Harm     .   (no cloak)
rCorr   .          Rampage  .   (no gloves)
Will    .....                   (no boots)
Stlth   ++........              (no amulet)
HPRegen 0.12/turn               c - ring of positive energy
MPRegen 0.22/turn               d - +6 ring of intelligence

@: no status effects
A: magic regeneration
a: no special abilities


You were on level 3 of the Dungeon.
You visited 1 branch of the dungeon, and saw 3 of its levels.

You collected 116 gold pieces.

Inventory:

Hand Weapons
 k - a +1 vampiric short sword (weapon)
Armour
 a - a +0 robe (worn)
 j - a +0 helmet (worn)
Jewellery
 c - a ring of positive energy (left hand)
 d - a +6 ring of intelligence (right hand)
Scrolls
 e - a scroll of fog
 g - a scroll of teleportation {unknown}
 h - a scroll of identify
 i - a scroll of vulnerability {unknown}
Potions
 b - a potion of magic
 f - a potion of might
 l - a potion of berserk rage
 m - a potion of curing {unknown}
 n - a potion of haste {unknown}


   Skills:
 + Level 0.9 Fighting
 + Level 1.3 Short Blades
 + Level 2.0 Dodging
 + Level 2.2 Stealth
 + Level 3.0 Spellcasting
 + Level 2.0 Transmutations
 + Level 3.9 Poison Magic


You had 9 spell levels left.
You knew the following spells:

 Your Spells              Type           Power      Damage    Failure   Level
a - Sting                 Tmut/Pois      68%        1d6       3%          1

Your spell library contained the following spells:

 Spells                   Type           Power      Damage    Failure   Level
 Poisonous Vapours        Pois/Air       24%        N/A       8%          2
 Mephitic Cloud           Conj/Pois/Air  9%         N/A       21%         3
 Olgreb's Toxic Radiance  Pois           21%        N/A       22%         4


Dungeon Overview and Level Annotations

Branches:
Dungeon (3/15)

Altars:
Ashenzari

Shops:
D:1 ?[(*


Innate Abilities, Weirdness & Mutations

You regenerate magic rapidly.


Message History

The orc shouts!
The orc priest shouts!
The orc priest hits you with a +0 hand axe.
The orc priest looks satisfied for a moment.
The sting misses the orc priest.
The sting hits the orc.
The orc looks even sicker.
The orc is almost dead.
You kill the orc!
The orc priest looks satisfied for a moment.
The orc priest closely misses you.
An iguana comes into view.
The sting hits the orc priest.
The orc priest looks even sicker.
The orc priest is almost dead.
The orc priest mumbles some strange prayers to Beogh against you.
Beogh smites you!
You hit the orc priest but do no damage.
The orc priest is almost dead.
The orc priest hits you with a +0 hand axe.
* * * LOW HITPOINT WARNING * * *
You hit the orc priest.
You feel better.
Your punch misses the orc priest.
The orc priest is almost dead.
The orc wizard barely misses you.
The orc priest hits you but does no damage.
You hit the orc priest but do no damage.
The orc priest is almost dead.
You kill the orc priest!
The iguana hisses menacingly.
The orc wizard hits you with a +0 dagger.
* * * LOW HITPOINT WARNING * * *
Your Dodging skill increases to level 2!
Your Spellcasting skill increases to level 3!
Your Transmutations skill increases to level 2!
You have reached level 5!
The orc wizard attacks as you move away!
The orc wizard hits you with a +0 dagger.
* * * LOW HITPOINT WARNING * * *
The orc wizard hits you with a +0 dagger.
* * * LOW HITPOINT WARNING * * *
The orc wizard points at you and mumbles some strange words.
The magic dart hits you.
You die...

..# #†######.
.######.......#
.......)# .#
#######l#####.#
######### #.o.....###
#.......# ##....##...
#.#####.#
#...oo##.######.#####.#
#......@...........##.#
#....÷##.######.##.##.#
##..÷##...# #.##.##.##
#.)....#... #...<....#
#.####...##. ########.#
#)# ##.. .. #.# #.#####
.. . #.# #.#...## ..
#.# #......# ######.#


You could see an iguana, an orc priest, an orc wizard and an orc.

Vanquished Creatures
  An orc priest (D:3)
  Terence (D:3)
  5 adders (D:2)
  2 worms
  A dart slug (D:1)
  An orc (D:3)
  6 ball pythons
  4 endoplasms
  4 giant cockroaches
  7 hobgoblins
  A quokka (D:2)
  5 bats
  3 frilled lizards
  4 goblins
  4 kobolds
  7 rats
56 creatures vanquished.

Notes
Turn   | Place    | Note
-------+----------+-------------------------------------------
     0 | D:1      | gobodom the Demonspawn Venom Mage began the quest for the
                  | Orb.
     0 | D:1      | Reached XP level 1. HP: 13/13 MP: 3/3
    12 | D:1      | Found Fiowoc's Magic Scroll Boutique.
   309 | D:1      | Found Puhoeq's Antique Weapon Shop.
   410 | D:1      | Gained mutation: You regenerate magic rapidly. [demonic
                  | ancestry]
   410 | D:1      | Reached XP level 2. HP: 19/19 MP: 1/5
   433 | D:1      | Found Xanil's Antique Armour Shoppe.
   512 | D:1      | Reached skill level 1 in Transmutations
   947 | D:1      | Found Yconaph's Assorted Antiques.
  1134 | D:2      | Reached XP level 3. HP: 11/24 MP: 3/6
  1457 | D:2      | Reached XP level 4. HP: 2/31 MP: 4/8
  1990 | D:2      | Found a broken altar of Ashenzari.
  2575 | D:3      | Noticed Terence
  2587 | D:3      | Killed Terence
  2588 | D:3      | Reached skill level 1 in Short Blades
  3007 | D:3      | Reached XP level 5. HP: 8/36 MP: 3/9
  3011 | D:3      | Killed from afar by an orc wizard

Illustrated notes

Levels and vault maps discovered:
D:1:      minmay_arrival_stair_chambers, layout_basic, serial_shops,
          nicolae_diamond_shop, shop, shop_statue,
          nicolae_shop_temple_entry_statues_fountains
D:2:      layout_loops_ring, basic_altar
D:3:      layout_loops_cross, nicolae_underground_beach, uniq_sigmund,
          uniq_grinder, uniq_terence

Skill      XL: |  1  2  3  4 |
---------------+-------------+-----
Transmutations | 1 2 |  2.0
Stealth        | 2 |  2.2
Short Blades   | 1 |  1.3
Dodging        | 2 |  2.0
Spellcasting   | 3 |  3.0
Fighting       | |  0.9
Poison Magic   | |  3.9

Action                   |  1- 3 |  4- 6 || total
-------------------------+-------+-------++-------
Melee: Unarmed           |    27 |       ||    27
       Short sword       |    42 |    40 ||    82
 Cast: Sting             |    50 |    27 ||    77
  Use: Scroll            |     5 |     1 ||     6
 Stab: Sleeping          |     1 |     1 ||     2
Armor: Robe              |    28 |    11 ||    39
Dodge: Dodged            |    73 |    16 ||    89

Table legend: (Time is in decaauts)
 A = Elapsed time spent in this place.
 B = Non-inter-level travel time spent in this place.
 C = Inter-level travel time spent in this place.
 D = Time resting spent in this place.
 E = Time spent auto-exploring this place.
 F = Levels seen in this place.
 G = Mean time per level.
                   A        B        C        D        E       F      G
               +--------+--------+--------+--------+--------+-----+--------+
         Total |   3017 |   2992 |     25 |    647 |   1812 |   3 | 1005.7 |
       Dungeon |   3017 |   2992 |     25 |    647 |   1812 |   3 | 1005.7 |
               +--------+--------+--------+--------+--------+-----+--------+

Top non-repeatable levels by time:
     D:1: 1394 daAuts
     D:2: 971 daAuts
     D:3: 650 daAuts
